 Dungeon Crawl Stone Soup version 0.30.1-11-g7821555f0a (webtiles) character file.

Game seed: 5211970516102371227

40 CaptainMV the Charlatan (level 3, -5/31 HPs)
             Began as a Naga Wanderer on Jan 16, 2024.
             Slain by an orc
             ... wielding a +0 morningstar
              (10 damage)
             ... on level 2 of the Dungeon.
             The game lasted 00:10:41 (981 turns).

CaptainMV the Charlatan (Naga Wanderer)              Turns: 981, Time: 00:10:42

Health: -5/31      AC:  2    Str: 15    XL:     3   Next: 50%
Magic:  1/4        EV:  8    Int: 13    God:
Gold:   52         SH:  3    Dex: 10    Spells: 3/4 levels left

rFire   + . .        a - +0 hand axe
rCold   . . .        e - +0 buckler {rF+}
rNeg    . . .        d - +0 leather armour
rPois   +            (no helmet)
rElec   .            (no cloak)
rCorr   .            (no gloves)
SInv    +            (no barding)
Will    .....        (no amulet)
Stlth   +            (no ring)
HPRegen 0.25/turn    (no ring)
MPRegen 0.09/turn

%: no passive effects
@: very slow
A: AC +1, large, see invisible, deformed body, poison resistance, slowness 2,
spit poison 1, naga tail 1
a: Spit Poison


You were on level 2 of the Dungeon.
You visited 1 branch of the dungeon, and saw 2 of its levels.

You collected 52 gold pieces.

Inventory:

Hand Weapons
 a - a +0 hand axe (weapon)
 b - a +0 rapier
Armour
 d - a +0 leather armour (worn)
 e - a +0 buckler of fire resistance (worn)
Wands
 B - a wand of flame (7) (quivered)
Scrolls
 c - a scroll of teleportation
Potions
 f - a potion of heal wounds {unknown}
 g - a potion of flight
 h - a potion of lignification {unknown}
 i - 4 potions of curing
 j - a potion of berserk rage {unknown}


   Skills:
 + Level 1.2 Fighting
 + Level 1.3 Axes
 + Level 0.2 Armour
 + Level 0.4 Dodging
 + Level 0.4 Stealth
 + Level 1.1 Spellcasting
 + Level 3.4 Necromancy
 + Level 4.4 Evocations


You had 3 spell levels left.
You knew the following spells:

 Your Spells              Type           Power      Damage    Failure   Level
a - Necrotise             Necr           36%        1d5       12%         1

Your spell library contained the following spells:

 Spells                   Type           Power      Damage    Failure   Level
 Kiss of Death            Conj/Necr      20%        2d7       24%         1
 Cigotuvi's Dreadful Rot  Necr/Pois/Air  6%         N/A       43%         2
 Ignite Poison            Fire/Tmut/Pois 0%         N/A       82%         3
 Animate Dead             Necr           9%         N/A       75%         4
 Freezing Cloud           Conj/Ice/Air   0%         6-21      100%        5


Dungeon Overview and Level Annotations

Branches:
Dungeon (2/15)

Altars:


Innate Abilities, Weirdness & Mutations

Your serpentine skin is tough. (AC +1)
You have supernaturally acute eyesight. (SInv)
Armour fits poorly on your strangely shaped body.
Your system is resistant to poisons. (rPois)
You cover ground very slowly.
You can spit poison.
You have a snake-like lower body.


Message History

Found a stone staircase leading down.
The orc shouts!
Casting: Necrotise (safe; 12% risk of failure)
Confirm with . or Enter, or press ? or * to list all spells.
Aiming: Necrotise (safe; 12% risk of failure)
Press: ? - help, Shift-Dir - straight line, f - orc
Aim: an orc, wielding a +2 heavy war axe (chance to affect: 76%)
The orc writhes in agony.
Aiming: Spit Poison (2% risk of failure)
Press: ? - help, Shift-Dir - straight line, f/p - orc
Aim: an orc, wielding a +2 heavy war axe (heavily wounded, 59% to hit)
The splash of poison hits the orc.
The orc is poisoned.
You kill the orc!
Casting: Necrotise (safe; 12% risk of failure)
Confirm with . or Enter, or press ? or * to list all spells.
Aiming: Necrotise (safe; 12% risk of failure)
Press: ? - help, Shift-Dir - straight line, f - orc
Aim: an orc, wielding a +0 morningstar and wearing a +0 leather armour (chance to affect: 76%)
The orc writhes in agony.
Casting: Necrotise (safe; 12% risk of failure)
Confirm with . or Enter, or press ? or * to list all spells.
Aiming: Necrotise (safe; 12% risk of failure)
Press: ? - help, Shift-Dir - straight line, f/p - orc
Aim: an orc, wielding a +0 morningstar and wearing a +0 leather armour (lightly wounded, chance to affect: 76%)
The orc writhes in agony.
The orc completely misses you. The orc hits you with a +0 morningstar.
You closely miss the orc.
The orc is heavily wounded.
You closely miss the orc. The orc closely misses you.
The orc hits you with a +0 morningstar. The orc closely misses you. x2
You hit the orc.
The orc is severely wounded.
You hit the orc but do no damage. The orc hits you with a +0 morningstar.
The orc barely misses you. The orc attacks as you move away!
The orc barely misses you.
You have got your breath back.
The orc hits you with a +0 morningstar.
* * * LOW HITPOINT WARNING * * *
The orc hits you with a +0 morningstar!
You die...

............#
#...........#
..#######...# .#
#$o ##..# .##o.
#..# .#.......#..#
######.#.~...~.#..#
.....#.#.......#..#
##>....#.......#@.#
###....#.......#o.#
.......#.~..oo.#o.#
###.#..#.......#o.#
#...#[......)o.oo.#
.^###.####...##...#
#..##.##...## #.#.#
#........# #...#
#.###.#....# ##..#


You could see an orc priest and 4 orcs.

Vanquished Creatures
  An orc (D:2)
  A ball python (D:1)
  2 bats (D:1)
  3 endoplasms
  A giant cockroach (D:2)
  3 hobgoblins (D:1)
  4 jackals (D:2)
  4 kobolds (D:1)
  2 quokkas
  A frilled lizard (D:1)
  4 goblins
  4 rats
30 creatures vanquished.

Vanquished Creatures (collateral kills)
  A dart slug (D:2)
  A rat (D:2)
2 creatures vanquished.

Grand Total: 32 creatures vanquished

Notes
Turn   | Place    | Note
-------+----------+-------------------------------------------
     0 | D:1      | CaptainMV the Naga Wanderer began the quest for the Orb.
     0 | D:1      | CaptainMV set off with the following items: a +0 hand axe,
                  | a wand of flame (7), a scroll of teleportation, a +0
                  | leather armour; and the following spells available to
                  | memorise: Necrotise, Kiss of Death, Animate Dead.
     0 | D:1      | Reached XP level 1. HP: 18/18 MP: 2/2
     7 | D:1      | Learned a level 1 spell: Necrotise
   146 | D:1      | Found a faded altar of an unknown god.
   286 | D:1      | Reached XP level 2. HP: 10/25 MP: 3/3
   812 | D:2      | Reached XP level 3. HP: 26/31 MP: 0/4
   981 | D:2      | Slain by an orc

Illustrated notes

Levels and vault maps discovered:
D:1:      lemuel_arrival_hallway, layout_loops_ring,
          shapermc_ecumenical_altar_gd
D:2:      cheibrodos_pilgrimage, layout_basic

Action                     || total
---------------------------++-------
  Melee: Hand axe          ||    87
   Cast: Necrotise         ||    29
Ability: Spit Poison       ||     2
    Use: Scroll            ||     4
 Armour: Leather armour    ||    24
  Dodge: Dodged            ||    51
  Block: Buckler           ||    15
